Map: Ascension to Aiur LE

Players

MaNa - Winner!

  • Race: Protoss Protoss
  • Spawn Location: 5:00

Stilgar

  • Race: Protoss Protoss
  • Spawn Location: 11:00

Event: WCS Valencia 2017

VOD

Have the link to the VOD?

Description

Time

  • Played on: July 13, 2017, 6:18 a.m.
  • Length: 10:26

All games in this series

Show
View Real Time Build Order
Export as new Build Order

MaNa Protoss - Winner!

Build Orders:  

Get SALT Encoding   

  12  0:00  Probe (Chrono Boost)  
  13  0:11  Probe (Chrono Boost)  
  14  0:17  Pylon  
  14  0:22  Probe (Chrono Boost)  
  15  0:35  Probe (Chrono Boost)  
  16  0:37  Gateway  
  16  0:45  Probe (Chrono Boost)  
  17  0:50  Assimilator  
  17  0:56  Probe (Chrono Boost)  
  18  1:07  Probe (Chrono Boost)  
  18  1:08  Assimilator  
  19  1:17  Probe (Chrono Boost)  
  20  1:19  Gateway  
  20  1:27  Cybernetics Core  
  20  1:28  Probe (Chrono Boost)  
  21  1:38  Probe (Chrono Boost)  
  22  1:45  Pylon  
  22  1:49  Probe (Chrono Boost)  
  23  2:03  Probe (Chrono Boost)  
  23  2:04  Warp Gate (Chrono Boost)  
  23  2:06  Stalker x2 (Chrono Boost)  
  28  2:14  Pylon  
  28  2:15  Probe  
  29  2:37  Nexus  
  31  2:44  Mothership Core (Chrono Boost)  
  31  2:56  Robotics Facility  
  33  3:07  Stalker (Chrono Boost)  
  33  3:12  Stalker (Chrono Boost)  
  35  3:23  Probe  
  36  3:31  Pylon  
  36  3:35  Probe  
  36  3:38  Stalker (Chrono Boost)  
  38  3:45  Observer  
  38  3:47  Probe  
  39  3:48  Probe  
  41  3:59  Probe (Chrono Boost)  
  41  4:00  Probe (Chrono Boost)  
  41  4:09  Probe (Chrono Boost)  
  41  4:11  Probe (Chrono Boost), Immortal (Chrono Boost)  
  41  4:13  Sentry  
  49  4:19  Probe  
  49  4:23  Probe  
  51  4:25  Twilight Council  
  51  4:30  Probe  
  51  4:31  Pylon  
  51  4:36  Probe (Chrono Boost)  
  53  4:41  Probe (Chrono Boost)  
  54  4:46  Immortal (Chrono Boost)  
  54  4:48  Probe (Chrono Boost)  
  54  4:50  Assimilator  
  60  4:52  Probe (Chrono Boost)  
  60  4:58  Pylon, Probe (Chrono Boost)  
  61  5:02  Blink  
  61  5:03  Probe (Chrono Boost)  
  62  5:09  Probe (Chrono Boost)  
  62  5:14  Probe (Chrono Boost), Assimilator  
  64  5:19  Probe (Chrono Boost)  
  65  5:24  Probe (Chrono Boost)  
  65  5:25  Forge  
  65  5:27  Immortal  
  70  5:30  Probe (Chrono Boost)  
  70  5:35  Probe (Chrono Boost)  
  72  5:38  Pylon  
  71  5:44  Pylon  
  71  5:48  Sentry x2  
  75  5:54  Nexus  
  75  5:58  Protoss Ground Weapons Level 1 (Chrono Boost)  
  75  6:01  Probe x2 (Chrono Boost)  
  77  6:06  Observer  
  78  6:12  Gateway x2  
  78  6:16  Gateway  
  78  6:20  Gateway  
  78  6:23  Probe x2 (Chrono Boost)  
  80  6:32  Observer  
  81  6:34  Probe x2 (Chrono Boost)  
  83  6:48  Probe x2  
  83  6:53  Immortal  
  89  6:55  Stalker x2  
  89  7:00  Pylon, Probe  
  94  7:02  Pylon  
  94  7:05  Probe  
  91  7:21  Probe x3 (Chrono Boost)  
  94  7:27  Stalker x6  
  106  7:31  Probe x2 (Chrono Boost)  
  106  7:32  Probe (Chrono Boost)  
  106  7:33  Assimilator  
  106  7:36  Warp Prism  
  111  7:37  Assimilator  
  111  7:42  Probe  
  113  7:44  Probe  
  113  7:45  Photon Cannon  
  113  7:46  Photon Cannon  
  113  7:49  Protoss Ground Weapons Level 2 (Chrono Boost)  
  113  7:52  Photon Cannon, Probe  
  113  7:53  Probe  
  113  7:56  Probe  
  116  8:01  Robotics Bay  
  116  8:12  Immortal  
  120  8:13  Adept  
  120  8:14  Adept  
  120  8:17  Pylon  
  124  8:23  Pylon  
  124  8:24  Pylon  
  124  8:25  Pylon  
  124  8:26  Pylon  
  123  8:47  Stalker x5  
  123  8:48  Probe  
  133  8:49  Probe, Nexus  
  133  8:52  Disruptor  
  138  8:59  Stalker  
  140  9:09  Pylon  
  140  9:10  Pylon  
  140  9:28  Disruptor  
  140  9:30  Stalker x5  
  153  9:31  Stalker  
  153  9:35  Probe x2  
  153  9:36  Probe  
  158  9:38  Pylon  
  158  9:46  Gateway  
  158  9:48  Pylon  
  158  9:49  Gateway  
  158  9:53  Robotics Facility  
  158  9:55  Pylon  
  158  10:00  Stalker x2  
  137  10:23  Stalker  
  137  10:24  Stalker x5  
Show
View Real Time Build Order
Export as new Build Order

Stilgar Protoss 

Build Orders: Oracle Opening 

Get SALT Encoding   

  12  0:01  Probe (Chrono Boost)  
  13  0:11  Probe (Chrono Boost)  
  14  0:19  Pylon  
  14  0:22  Probe (Chrono Boost)  
  15  0:37  Probe (Chrono Boost), Gateway  
  16  0:46  Assimilator  
  16  0:47  Probe (Chrono Boost)  
  17  0:53  Assimilator  
  17  0:58  Probe (Chrono Boost)  
  17  1:03  Pylon  
  18  1:11  Probe (Chrono Boost)  
  19  1:22  Probe (Chrono Boost)  
  20  1:26  Cybernetics Core  
  21  1:32  Probe (Chrono Boost)  
  21  1:36  Pylon  
  21  1:43  Probe (Chrono Boost)  
  22  1:54  Probe (Chrono Boost)  
  23  2:02  Stalker  
  23  2:05  Probe (Chrono Boost)  
  26  2:10  Stargate  
  26  2:16  Probe (Chrono Boost)  
  27  2:27  Mothership Core (Chrono Boost)  
  28  2:45  Probe (Chrono Boost), Stalker  
  31  2:52  Pylon  
  31  2:53  Oracle (Chrono Boost)  
  31  2:55  Probe (Chrono Boost)  
  35  3:07  Probe  
  35  3:09  Pylon  
  36  3:15  Stalker  
  36  3:19  Probe  
  39  3:30  Warp Gate (Chrono Boost)  
  39  3:31  Probe  
  39  3:32  Gateway  
  40  3:45  Probe  
  38  3:53  Pylon  
  36  4:05  Nexus  
  36  4:11  Probe  
  37  4:22  Robotics Facility  
  37  4:26  Stalker  
  37  4:29  Sentry  
  37  4:30  Pylon  
  41  4:34  Pylon  
  41  4:46  Gateway  
  41  4:52  Probe  
  42  5:02  Pylon  
  42  5:04  Probe  
  43  5:10  Observer (Chrono Boost)  
  44  5:16  Probe  
  44  5:17  Probe  
  46  5:24  Stalker  
  46  5:28  Probe x2  
  49  5:29  Immortal (Chrono Boost)  
  54  5:41  Probe  
  54  5:45  Assimilator  
  54  5:47  Probe  
  54  5:49  Assimilator  
  56  5:51  Probe  
  56  5:53  Stalker x2  
  56  5:54  Gateway  
  61  5:59  Probe  
  61  6:02  Probe  
  63  6:11  Probe  
  63  6:13  Probe  
  69  6:18  Immortal (Chrono Boost)  
  69  6:23  Probe x2  
  69  6:24  Stalker  
  69  6:25  Stalker  
  75  6:30  Stalker  
  77  6:35  Twilight Council  
  75  6:49  Sentry  
  77  6:57  Stalker  
  77  7:00  Immortal (Chrono Boost)  
  83  7:04  Pylon  
  79  7:08  Stalker  
  77  7:18  Blink (Chrono Boost)  
  77  7:20  Stalker  
  77  7:30  Immortal (Chrono Boost)  
  77  7:35  Stalker  
  83  7:37  Pylon  
  83  7:43  Stalker x3  
  89  7:53  Probe  
  90  8:03  Forge  
  90  8:06  Pylon  
  90  8:07  Observer  
  90  8:09  Robotics Bay  
  90  8:10  Nexus  
  90  8:12  Pylon  
  90  8:20  Pylon  
  90  8:21  Stalker  
  90  8:22  Stalker  
  90  8:24  Sentry  
  96  8:30  Sentry  
  98  8:44  Probe  
  99  8:50  Warp Prism  
  99  8:51  Pylon  
  101  8:59  Pylon, Robotics Facility  
  101  9:02  Probe x2  
  103  9:06  Stalker  
  105  9:12  Gateway  
  105  9:21  Disruptor  
  105  9:39  Stalker x4  
  95  10:17  Stalker x2  
  95  10:18  Stalker  
  95  10:19  Stalker  
Tags
 
Add a new tag
Caveats
  • Supply blocks, unpowered buildings, or Contaminate may cause inaccurate times.
  • Supply counts are checked every 10 seconds.